 Dungeon Crawl Stone Soup version 0.30-a0-939-gc8157cb160 (webtiles) character file.

Game seed: 8764336150987994855

9087 Sobieck the Protected (level 11, -2/100 HPs)
             Began as an Armataur Fighter on Mar 25, 2023.
             Was a Believer of Uskayaw.
             Slain by a six-headed hydra (11 damage)
             ... on level 11 of the Dungeon.
             The game lasted 00:21:03 (9398 turns).

Sobieck the Protected (Armataur Fighter)            Turns: 9398, Time: 00:21:04

Health: -2/100     AC: 10    Str: 26    XL:     11   Next: 18%
Magic:  11/15      EV:  8    Int:  8    God:    Uskayaw [**....]
Gold:   299        SH:  5    Dex: 10    Spells: 10/10 levels left

rFire   . . .      SeeInvis .    a - +4 broad axe (flame) {axe}
rCold   . . .      Faith    .    c - +1 buckler
rNeg    . . .      Spirit   .    n - +0 troll leather armour
rPois   .          Reflect  .    B - +0 helmet
rElec   .          Roll     +    (no cloak)
rCorr   +                        e - +1 pair of gloves
Will    .....                    (no barding)
Stlth   +                        C - amulet of regeneration {@e2}
HPRegen 1.96/turn                y - ring of resist corrosion
MPRegen 0.14/turn                (no ring)

@: no status effects
A: large, rugged brown scales 3, deformed body, armoured tail, roll, long
tongue, awkward tongue
a: Renounce Religion, Stomp, Line Pass


You were on level 11 of the Dungeon.
You worshipped Uskayaw.
Uskayaw was noncommittal.
You visited 2 branches of the dungeon, and saw 12 of its levels.
You also visited: Sewer.

You collected 574 gold pieces.
You spent 275 gold pieces at shops.


Innate Abilities, Weirdness & Mutations

You are completely covered in rugged brown scales. (AC +3, +7% HP)
Armour fits poorly on your strangely shaped body.
You have a long armoured tail.
You roll when moving toward enemies. (Rampage)
Your long tongue fully drains potion bottles. (2x potion effects)
Your tongue gives you trouble enunciating. (1.5x scroll delay)


   Skills:
 + Level 8.1 Fighting
 * Level 6.6(8.2) Axes
 - Level 8.0(9.3) Maces & Flails
 - Level 10.0 Armour
 - Level 3.2 Shields
 + Level 6.5 Invocations


You had 10 spell levels left.
You didn't know any spells.
Your spell library contained the following spells:

 Spells                   Type           Power      Damage    Failure   Level
 Beastly Appendage        Tmut           0%         N/A       52%         1
 Freeze                   Ice            0%         1d3       52%         1
 Sandblast                Erth           0%         2d4       52%         1
 Cigotuvi's Dreadful Rot  Necr/Pois/Air  0%         N/A       65%         2
 Ensorcelled Hibernation  Hex/Ice        0%         N/A       65%         2
 Lesser Beckoning         Tloc           0%         N/A       65%         2
 Passwall                 Tmut/Erth      0%         N/A       65%         2
 Poisonous Vapours        Pois/Air       0%         N/A       65%         2
 Wereblood                Tmut           0%         N/A       65%         2
 Frozen Ramparts          Ice            0%         1d1       87%         3
 Gell's Gravitas          Tloc           0%         N/A       87%         3
 Hailstorm                Conj/Ice       0%         3d3       87%         3
 Ignite Poison            Fire/Tmut/Pois 0%         N/A       87%         3
 Kindle Blastsparks       Fire/Tloc/Air  0%         2d10      87%         3
 Mephitic Cloud           Conj/Pois/Air  0%         N/A       87%         3
 Portal Projectile        Hex/Tloc       0%         N/A       87%         3
 Spider Form              Tmut/Pois      0%         N/A       87%         3
 Stone Arrow              Conj/Erth      0%         3d7       87%         3
 Teleport Other           Tloc           0%         N/A       87%         3
 Tukima's Dance           Hex            0%         N/A       87%         3
 Anguish                  Hex/Necr       0%         N/A       99%         4
 Blade Hands              Tmut           0%         N/A       100%        5
 Freezing Cloud           Conj/Ice/Air   0%         6-21      100%        5
 Irradiate                Conj/Tmut      0%         3d11      100%        5
 Dispersal                Tloc           0%         N/A       100%        6
 Dragon Form              Tmut           0%         N/A       100%        7

Inventory:

Hand Weapons
 a - a +4 broad axe of flaming (weapon) {axe}
   (You bought it in a shop on level 7 of the Dungeon)
 d - a +2 flail of protection {mace}
   (You took it off a gnoll on level 3 of the Dungeon)
Missiles
 h - 7 boomerangs (quivered) {throwing}
 i - 121 stones {throwing}
 l - 2 throwing nets {=f!fthrowing}
 q - 72 poisoned darts {throwing}
 K - 3 curare-tipped darts {=fthrowing}
Armour
 b - a +0 kite shield
   (You took it off a gnoll sergeant on level 7 of the Dungeon)
 c - a +1 buckler (worn)
 e - a +1 pair of gloves (worn)
   (You found it on level 6 of the Dungeon)
 n - a +0 troll leather armour (worn)
   (You found it on level 9 of the Dungeon)
 z - a +2 plate armour of poison resistance
   (You took it off an orc warrior on level 9 of the Dungeon)
 B - a +0 helmet (worn)
   (You found it on level 10 of the Dungeon)
 F - a +1 scale mail of fire resistance
   (You found it on level 3 of the Dungeon)
 G - a +0 leather armour
   (You took it off an orc on level 4 of the Dungeon)
 I - a +0 leather armour
   (You took it off an orc on level 3 of the Dungeon)
 L - a +0 scale mail
   (You took it off an orc priest on level 4 of the Dungeon)
 M - a +0 leather armour
   (You took it off an orc on level 4 of the Dungeon)
 N - a +0 chain mail
   (You found it on level 4 of the Dungeon)
 O - a +0 leather armour
   (You found it on level 4 of the Dungeon)
 P - a +0 chain mail
   (You found it on level 4 of the Dungeon)
 Q - a +0 leather armour
   (You found it on level 4 of the Dungeon)
 R - a +0 chain mail
   (You took it off an orc warrior on level 9 of the Dungeon)
 S - a +0 ring mail
   (You found it on level 4 of the Dungeon)
 U - a +0 ring mail
   (You took it off an orc on level 5 of the Dungeon)
 V - a +0 leather armour
   (You took it off an orc priest on level 5 of the Dungeon)
 X - the +2 robe of Dyspraxia {rElec Regen+}
   (You found it on level 5 of the Dungeon)

   rElec:     It insulates you from electricity.
   Regen:     It increases your rate of health regeneration.
 Y - a +0 ring mail
   (You found it on level 5 of the Dungeon)
Magical Staves
 g - a staff of air {!astaff}
   (You found it on level 1 of the Dungeon)
 E - a staff of earth {!astaff}
   (You found it on level 3 of the Dungeon)
 T - a staff of conjuration {!a@e2staff}
   (You found it on level 4 of the Dungeon)
Jewellery
 p - an amulet of reflection
   (You found it on level 7 of the Dungeon)
 y - a ring of resist corrosion (left hand)
   (You found it on level 3 of the Dungeon)
 C - an amulet of regeneration (around neck) {@e2}
   (You found it on level 4 of the Dungeon)
Wands
 r - a wand of flame (37)
   (You found it on level 7 of the Dungeon)
 v - a wand of mindburst (10)
   (You found it on level 9 of the Dungeon)
 x - a wand of quicksilver (11)
   (You took it off Natasha on level 3 of the Dungeon)
Scrolls
 j - a scroll of poison {!r}
 k - 2 scrolls of fear
 m - a scroll of summoning
 u - 3 scrolls of teleportation {@r4}
 A - a scroll of identify {@r1}
 H - 2 scrolls of enchant armour
 W - 2 scrolls of vulnerability {!r!r}
 Z - a scroll of immolation {!r!r}
Potions
 f - 3 potions of mutation {!q}
 o - 5 potions of curing {@q1}
 s - a potion of brilliance
 t - 2 potions of flight
 w - 3 potions of lignification {!q}
 D - 2 potions of magic
 J - 2 potions of cancellation

Dungeon Overview and Level Annotations

Branches:
Dungeon (10/15) Zot: 26808  Temple (1/1) D:5 Zot: 5928    Lair (0/5) D:8
    Orc (0/2) D:9           Sewer (visited)

Altars:
Ashenzari
Cheibriados
Dithmenos
Elyvilon
Fedhas
Gozag
Hepliaklqana
Kikubaaqudgha
Makhleb
Nemelex Xobeh
Okawaru
Qazlal
Ru
Sif Muna
Trog
Uskayaw
Vehumet
Wu Jian
Xom
Yredelemnul
Zin

Shops:
D:2 [   D:7 (   D:9 ?

Annotations:
D:2 Sigmund
D:4 1 runed translucent door, Crazy Yiuf

#.......# .......#
~~~.~≈~≈......#
≈≈~.≈≈≈~......#####
≈≈~.~≈≈~..........
~~~.~≈≈~........
....~~≈~.#.#..#
~~.......#.#..#
≈S.~~~~~.#@#..#
≈~.~≈≈≈†..D..!#
≈~.~≈≈≈~.#.##.#
~~.~~≈~~.#.##.# ##
.........#.##.##.#
##.###...........#
.. #######.....# .
#..#..# #..##.#


You could see a six-headed hydra.


Message History

Unknown command.
There is a stone staircase leading down here.
An electric eel comes into view.
The electric eel shoots out a bolt of lightning at you!
The bolt of electricity hits you!
Danger!
Unknown command.
You see here a potion of heal wounds {@q2}.
The electric eel shoots out a bolt of lightning at you!
The bolt of electricity hits you!
Unknown command.
You start resting.
Unknown command.
The electric eel shoots out a bolt of lightning at you!
The bolt of electricity hits you!
Danger!
You roll towards the electric eel!
A water elemental comes into view.
Unknown command.
You slash the electric eel! You burn the electric eel.
You kill the electric eel!
You hear a splash.
Unknown command.
You enter the shallow water.
An eight-headed hydra and an electric eel come into view.
The eight-headed hydra roars!
The electric eel shoots out a bolt of lightning at you!
The bolt of electricity hits you!
You see here an electric eel corpse.
Unknown command.
Unknown command.
Unknown command.
You slash the water elemental! You burn the water elemental.
The water elemental hits you.
The water elemental engulfs you in water!
You slash the water elemental! You burn the water elemental!
Your lungs strain for air!
The water elemental hits you! The water engulfing you falls away.
You gasp with relief as air once again reaches your lungs.
You can now pass through a line of other dancers.
You lop one of the eight-headed hydra's heads off!
The flame cauterises the wound!
You slash the seven-headed hydra! You burn the seven-headed hydra.
Unknown command.
You completely miss the seven-headed hydra.
Your tail-slap misses the seven-headed hydra.
The seven-headed hydra bites you! x2
The seven-headed hydra bites you but does no damage.
You block the seven-headed hydra's attack.
The seven-headed hydra bites you. The seven-headed hydra bites you!
* * * LOW HITPOINT WARNING * * *
The seven-headed hydra closely misses you.
The seven-headed hydra bites you.
* * * LOW HITPOINT WARNING * * *
The seven-headed hydra bites you.
* * * LOW HITPOINT WARNING * * *
The seven-headed hydra bites you.
* * * LOW HITPOINT WARNING * * *
The seven-headed hydra barely misses you.
The seven-headed hydra bites you but does no damage.
The seven-headed hydra bites you.
* * * LOW HITPOINT WARNING * * *
The seven-headed hydra barely misses you.
Unknown command.
Aiming: Line Pass
Press: ? - help, Dir - move target The seven-headed hydra appears confused.
The water elemental appears confused.
You can no longer pass through a line of other dancers.
The water elemental hits you.
* * * LOW HITPOINT WARNING * * *
Unknown command.
You hit the water elemental. You burn the water elemental.
The water elemental hits you.
* * * LOW HITPOINT WARNING * * *
You slash the water elemental! You burn the water elemental.
You destroy the water elemental!
The seven-headed hydra seems less confused.
You can now pass through a line of other dancers.
You barely miss the seven-headed hydra. You tail-slap the seven-headed hydra.
The seven-headed hydra bites you but does no damage.
The seven-headed hydra bites you!
* * * LOW HITPOINT WARNING * * *
The seven-headed hydra bites you but does no damage.
The seven-headed hydra bites you!
* * * LOW HITPOINT WARNING * * *
The seven-headed hydra bites you but does no damage.
You block the seven-headed hydra's attack.
The seven-headed hydra bites you but does no damage.
Unknown command.
You chop one of the seven-headed hydra's heads off!
The flame cauterises the wound!
You slash the six-headed hydra! You burn the six-headed hydra.
You block the six-headed hydra's attack.
The six-headed hydra misses you.
The six-headed hydra bites you but does no damage.
You block the six-headed hydra's attack.
The six-headed hydra closely misses you.
The six-headed hydra bites you!
You die...

Skill      XL: |  1  2  3  4  5  6  7  8  9 10 11 |
---------------+----------------------------------+-----
Maces & Flails | 2 3 4 5 6 7 8 |  8.0
Fighting       | 3 4 5 6 7 8 |  8.1
Armour         | 4 5 6 7 8 10 | 10.0
Invocations    | 2 4 6 |  6.5
Axes           | 3 6 |  6.6
Shields        | |  3.2

Action                     |  1- 3 |  4- 6 |  7- 9 | 10-12 || total
---------------------------+-------+-------+-------+-------++-------
  Melee: Flail             |    98 |   185 |   251 |       ||   534
         Tailslap          |    13 |    14 |    36 |    22 ||    85
         Broad axe         |       |       |    66 |   189 ||   255
 Invoke: Line Pass         |       |       |     7 |     3 ||    10
         Stomp             |       |       |     2 |       ||     2
    Use: Scroll            |       |     5 |    10 |     7 ||    22
         Potion            |       |     1 |     3 |     3 ||     7
   Stab: Paralysed         |       |       |    10 |    19 ||    29
         Confused          |       |       |     1 |     2 ||     3
         Invisible         |       |       |     1 |       ||     1
         Sleeping          |       |       |     1 |       ||     1
 Armour: Scale mail        |    41 |    90 |    68 |       ||   199
         Robe              |       |       |    88 |    25 ||   113
         Troll leather arm |       |       |       |    81 ||    81
  Dodge: Dodged            |    32 |    57 |   114 |    90 ||   293
  Block: Buckler           |    21 |    26 |    75 |    62 ||   184

Levels and vault maps discovered:
D:1:      dpeg_arrival_court, layout_loops_ring
D:2:      layout_basic, serial_shops, nicolae_shop_advertising_works
          [nicolae_subvault_shop_adworks], chequers_decorated_corner,
          uniq_sigmund, uniq_terence
D:3:      layout_basic, nicolae_hepliaklqana_hazy_memory, serial_rivers,
          chequers_serial_rivers_micro_e, chequers_serial_rivers_micro_b,
          chequers_serial_rivers_small_b, chequers_serial_rivers_room_a,
          chequers_serial_rivers_small_a, minivault_4, minmay_joined_circles,
          uniq_natasha
D:4:      layout_cave_pools, kennysheep_mini, cheibrodos_sewer_entry_sluice,
          minmay_bisected, uniq_crazy_yiuf_cottage
D:5:      layout_rooms, mainiacjoe_overflow_alcove_2,
          mainiacjoe_overflow_small_starburst, mainiacjoe_overflow_catwalk,
          minmay_temple_entry_nine_rooms, minmay_misc_feat_enclosed,
          minmay_liquid_box, roderic_lattice_a, uniq_menkaure
D:6:      layout_gridville, nicolae_overflow_hidden_temple,
          roderic_roman_lattice
D:7:      layout_basic, zin_statuary, serial_corexii_hall,
          corexii_hall_statues_x, corexii_hall_statues_t,
          doesnt_shop_hydraphobe, uniq_joseph, uniq_duvessa
D:8:      layout_loops_ring, old_standard_altar,
          nicolae_ru_great_annihilating_truth, david_lair_shrubbed, uniq_pikel
D:9:      layout_roguey, mainiacjoe_overflow_concentric_impassable, david_orc_5,
          serial_shops, shop, kennysheep_generic_room_3, uniq_prince_ribbit1
D:10:     layout_roguey, nicolae_twisting_strands
D:11:     layout_loops_ring, kennysheep_cluttered_room, minivault_14,
          nzn_wu_jian_council_hall
Temple:   jpeg_temple_alley_garden

Notes
Turn   | Place    | Note
-------+----------+-------------------------------------------
     0 | D:1      | Sobieck the Armataur Fighter began the quest for the Orb.
     0 | D:1      | Reached XP level 1. HP: 19/19 MP: 1/1
   159 | D:1      | Reached skill level 2 in Maces & Flails
   206 | D:1      | Reached XP level 2. HP: 21/26 MP: 2/2
   557 | D:1      | Reached skill level 3 in Fighting
   557 | D:1      | Reached skill level 4 in Armour
   574 | D:1      | You pick up a book of Vapours and begin reading...
   574 | D:1      | You add the spells Poisonous Vapours, Cigotuvi's Dreadful
                  | Rot and Mephitic Cloud to your library.
   672 | D:1      | Reached XP level 3. HP: 33/33 MP: 3/3
   994 | D:2      | Noticed Sigmund
  1062 | D:2      | Noticed Terence
  1071 | D:2      | Killed Terence
  1072 | D:2      | Reached skill level 3 in Maces & Flails
  1072 | D:2      | Reached XP level 4. HP: 39/40 MP: 4/4
  1127 | D:2      | You pick up a book of Transfigurations {@e2} and begin
                  | reading...
  1127 | D:2      | You add the spells Irradiate, Blade Hands and Dragon Form
                  | to your library.
  1455 | D:2      | Found Koohuybb's Armour Shoppe.
  1770 | D:3      | Found a hazy altar of Hepliaklqana.
  1783 | D:3      | Noticed Natasha
  1788 | D:3      | Killed Natasha
  1835 | D:3      | Noticed Natasha
  1844 | D:3      | HP: 7/40 [Natasha/magic dart (7)]
  1846 | D:3      | Killed Natasha
  1847 | D:3      | Reached XP level 5. HP: 9/48 MP: 5/5
  2293 | D:3      | Noticed Natasha
  2305 | D:3      | HP: 4/48 [Natasha/bolt of dispelling energy (15)]
  2306 | D:3      | Killed Natasha
  2368 | D:3      | You pick up a book of Changes and begin reading...
  2368 | D:3      | You add the spells Beastly Appendage, Wereblood and Spider
                  | Form to your library.
  2492 | D:3      | You add the spells Kindle Blastsparks, Ignite Poison and
                  | Freezing Cloud to your library.
  2501 | D:3      | You pick up a book of Displacement and begin reading...
  2501 | D:3      | You add the spells Lesser Beckoning, Gell's Gravitas and
                  | Teleport Other to your library.
  2841 | D:3      | You pick up a book of Vapours and begin reading...
  2886 | D:3      | Reached skill level 4 in Maces & Flails
  2887 | D:3      | Reached skill level 5 in Armour
  3012 | D:4      | Found a glowing drain.
  3052 | Sewer    | Entered a sewer
  3148 | Sewer    | Reached XP level 6. HP: 55/55 MP: 6/6
  3201 | Sewer    | Reached skill level 4 in Fighting
  3498 | Sewer    | Reached skill level 5 in Maces & Flails
  3570 | Sewer    | Reached XP level 7. HP: 64/64 MP: 7/7
  3712 | Sewer    | Reached skill level 6 in Armour
  3903 | D:4      | You pick up a book of Weapons and begin reading...
  3903 | D:4      | You add the spells Tukima's Dance and Portal Projectile to
                  | your library.
  3986 | D:4      | Reached skill level 6 in Maces & Flails
  4317 | D:4      | Found a burning altar of Makhleb.
  4509 | D:4      | Found a runed translucent door.
  4510 | D:4      | Noticed Crazy Yiuf
  4538 | D:5      | Entered Level 5 of the Dungeon
  4542 | D:5      | Found a shimmering altar of Xom.
  4555 | D:5      | Reached skill level 5 in Fighting
  4555 | D:5      | Reached XP level 8. HP: 72/72 MP: 8/8
  4593 | D:5      | Found a staircase to the Ecumenical Temple.
  4598 | Temple   | Entered the Ecumenical Temple
  4636 | Temple   | Became a worshipper of Uskayaw the Reveller
  4730 | D:5      | Reached * piety under Uskayaw
  4733 | D:5      | Reached ** piety under Uskayaw
  4811 | D:5      | Found a white marble altar of Elyvilon.
  4859 | D:5      | Reached skill level 7 in Armour
  5028 | D:5      | Noticed Menkaure
  5035 | D:5      | Killed Menkaure
  5036 | D:5      | Reached skill level 1 in Invocations
  5036 | D:5      | Found an opulent altar of Gozag.
  5090 | D:5      | Identified the +2 robe of Dyspraxia {rElec Regen+}
  5593 | D:6      | Reached skill level 7 in Maces & Flails
  5658 | D:6      | Reached *** piety under Uskayaw
  5669 | D:6      | Reached skill level 2 in Invocations
  5722 | D:6      | Found a shadowy altar of Dithmenos.
  5723 | D:6      | Found a sparkling altar of Nemelex Xobeh.
  5737 | D:6      | Found a basalt altar of Yredelemnul.
  6151 | D:6      | You pick up a book of Geomancy and begin reading...
  6151 | D:6      | You add the spells Sandblast, Passwall and Stone Arrow to
                  | your library.
  6323 | D:7      | Reached XP level 9. HP: 55/80 MP: 9/11
  6368 | D:7      | Noticed Duvessa
  6368 | D:7      | Noticed Dowan
  6386 | D:7      | Killed Duvessa
  6393 | D:7      | Killed Dowan
  6398 | D:7      | Reached **** piety under Uskayaw
  6400 | D:7      | Reached skill level 3 in Invocations
  6522 | D:7      | Reached skill level 6 in Fighting
  6529 | D:7      | Reached skill level 8 in Armour
  6537 | D:7      | Reached skill level 8 in Maces & Flails
  6549 | D:7      | Identified the +1 spear of Symmetry {heavy, Dex+2}
  6612 | D:7      | Found Qaroniec's Hydra Hut.
  6617 | D:7      | Noticed a five-headed hydra
  6620 | D:7      | Bought a +2 broad axe of flaming for 249 gold pieces
  6702 | D:7      | Reached skill level 1 in Axes
  6735 | D:7      | Found a glowing silver altar of Zin.
  6927 | D:7      | Noticed Joseph
  6940 | D:7      | Killed Joseph
  6941 | D:7      | Reached skill level 2 in Axes
  7077 | D:8      | Noticed Pikel
  7148 | D:8      | Killed Pikel
  7149 | D:8      | Reached skill level 3 in Axes
  7149 | D:8      | Reached skill level 4 in Invocations
  7209 | D:8      | Found a sacrificial altar of Ru.
  7286 | D:8      | Found an iron altar of Okawaru.
  7342 | D:8      | Reached XP level 10. HP: 89/89 MP: 13/13
  7351 | D:8      | You pick up a book of Dreams and begin reading...
  7351 | D:8      | You add the spells Ensorcelled Hibernation and Anguish to
                  | your library.
  7402 | D:8      | Found a staircase to the Lair.
  7414 | D:8      | Reached skill level 9 in Armour
  7472 | D:8      | You pick up a book of Frost and begin reading...
  7472 | D:8      | You add the spells Freeze, Frozen Ramparts and Hailstorm to
                  | your library.
  7880 | D:9      | Reached skill level 4 in Axes
  7884 | D:9      | HP: 21/89 [killer bee (8)]
  7924 | D:9      | Reached skill level 7 in Fighting
  7998 | D:9      | Reached skill level 5 in Invocations
  8102 | D:9      | Found a radiant altar of Vehumet.
  8226 | D:9      | Reached ***** piety under Uskayaw
  8272 | D:9      | Reached skill level 5 in Axes
  8324 | D:9      | Found Rueddy's Magic Scroll Shoppe.
  8333 | D:9      | Bought a scroll of identify for 26 gold pieces
  8458 | D:9      | Noticed Prince Ribbit
  8464 | D:9      | Killed Prince Ribbit
  8477 | D:9      | Reached ****** piety under Uskayaw
  8500 | D:9      | Found a staircase to the Orcish Mines.
  8607 | D:9      | Reached skill level 10 in Armour
  8865 | D:10     | Entered Level 10 of the Dungeon
  8953 | D:10     | Reached skill level 6 in Invocations
  8965 | D:10     | Reached skill level 6 in Axes
  8970 | D:10     | Reached XP level 11. HP: 97/100 MP: 15/15
  9215 | D:10     | You fall into a shaft and drop 1 floor!
  9215 | D:11     | Found an ornate altar of the Wu Jian Council.
  9249 | D:11     | Reached skill level 8 in Fighting
  9384 | D:11     | Noticed an eight-headed hydra
  9395 | D:11     | HP: 24/100 [water elemental (5)]
  9397 | D:11     | HP: 7/100 [seven-headed hydra (9)]
  9398 | D:11     | Slain by a six-headed hydra

Vanquished Creatures
  Pikel (D:8)
  Joseph (D:7)
  A kobold demonologist (D:11)
  A komodo dragon (D:8)
  3 trolls
  Prince Ribbit (D:9)
  A water elemental (D:11)
  11 yaks
  Menkaure (D:5)
  A water moccasin (D:8)
  3 acid dragons
  Duvessa (D:7)
  9 orc warriors
  2 sky beasts (D:7)
  An ogre (D:7)
  3 centaurs
  A phantom (D:6)
  A lemure (D:8)
  11 kobold brigands
  5 bullfrogs
  2 gnoll sergeants
  A scorpion (D:5)
  5 wights
  Dowan (D:7)
  10 killer bees (D:9)
  An electric eel (D:11)
  4 howler monkeys
  A jelly (D:6)
  8 orc priests
  2 hounds
  Natasha (thrice) (D:3)
  5 iguanas
  5 orc wizards
  Terence (D:2)
  4 river rats
  6 adders
  9 gnolls
  4 white imps
  4 ufetubi
  3 worms
  2 dart slugs (D:1)
  44 orcs
  9 bats
  12 endoplasms
  2 giant cockroaches
  11 goblins
  4 hobgoblins
  2 quokkas (D:1)
  13 ball pythons
  4 frilled lizards
  27 kobolds
  7 rats
275 creatures vanquished.

Vanquished Creatures (others)
  An orc wizard (D:9)
  13 plants
14 creatures vanquished.

Grand Total: 289 creatures vanquished

Table legend:
 A = Non-vault XP
 B = Vault XP
 C = Vault XP percentage of total XP
 D = Non-vault monster count
 E = Vault monster count
 F = Vault count percentage of total count
                 A         B        C        D         E       F
            +---------+---------+-------+---------+---------+-------
      Total |    8820 |    4162 |  32.1 |     196 |      78 |  28.5
            +---------+---------+-------+---------+---------+-------
        D:1 |      42 |       0 |   0.0 |      24 |       0 |   0.0
        D:2 |      54 |      32 |  37.2 |      20 |       1 |   4.8
        D:3 |     145 |      68 |  31.9 |      16 |      11 |  40.7
        D:4 |     125 |     154 |  55.2 |      19 |       4 |  17.4
        D:5 |     468 |     183 |  28.1 |      20 |       1 |   4.8
        D:6 |     555 |       0 |   0.0 |      14 |       0 |   0.0
        D:7 |    1008 |     674 |  40.1 |      19 |       3 |  13.6
        D:8 |     766 |    1046 |  57.7 |      16 |       6 |  27.3
        D:9 |    2720 |    1218 |  30.9 |      33 |      24 |  42.1
       D:10 |    1852 |       0 |   0.0 |      10 |       0 |   0.0
       D:11 |    1085 |       0 |   0.0 |       5 |       0 |   0.0
      Sewer |       0 |     787 | 100.0 |       0 |      28 | 100.0
            +---------+---------+-------+---------+---------+-------

Illustrated notes

Table legend:
 A = Kills in this place as a percentage of kills in the entire game.
 B = Kills by you in this place as a percentage of kills by you in the entire game.
 C = Kills by friends in this place as a percentage of kills by friends in the entire game.
 D = Other kills in this place as a percentage of other kills in the entire game.
 E = Experience gained in this place as a percentage of experience gained in the entire game.
 F = Experience gained in this place divided by the number of levels of this place that you have seen.
                   A       B       C       D       E      F
               +-------+-------+-------+-------+-------+----------------------
         Total | 100.0 | 100.0 |   N/A | 100.0 | 100.0 | 998.6
       Dungeon |  89.8 |  89.7 |   N/A | 100.0 |  93.9 | 1108.6
         Sewer |  10.2 |  10.3 |   N/A |   0.0 |   6.1 | 787.0
               +-------+-------+-------+-------+-------+----------------------

Table legend: (Time is in decaauts)
 A = Elapsed time spent in this place.
 B = Non-inter-level travel time spent in this place.
 C = Inter-level travel time spent in this place.
 D = Time resting spent in this place.
 E = Time spent auto-exploring this place.
 F = Levels seen in this place.
 G = Mean time per level.
                   A        B        C        D        E       F      G
               +--------+--------+--------+--------+--------+-----+--------+
         Total |   9566 |   9137 |    429 |    445 |   6765 |  13 |  735.8 |
       Dungeon |   8650 |   8254 |    396 |    414 |   6163 |  11 |  786.4 |
        Temple |     71 |     38 |     33 |      0 |     24 |   1 |   71.0 |
         Sewer |    843 |    843 |      0 |     31 |    578 |   1 |  843.0 |
               +--------+--------+--------+--------+--------+-----+--------+

Top non-repeatable levels by time:
     D:3: 1276 daAuts
     D:9: 1008 daAuts
     D:2: 938 daAuts
     D:5: 910 daAuts
     D:7: 893 daAuts
   Sewer: 843 daAuts
     D:1: 815 daAuts
     D:8: 761 daAuts
     D:4: 761 daAuts
     D:6: 738 daAuts
    D:10: 356 daAuts
    D:11: 190 daAuts
  Temple: 71 daAuts
